 Dungeon Crawl Stone Soup version 0.30.0-17-ge0270778cf (webtiles) character file.

Game seed: 2919869639295786074

248940 Mahakala the Warrior (level 18, -22/177 HPs)
             Began as a Minotaur Berserker on May 22, 2023.
             Was the Champion of Trog.
             Killed from afar by a servant of whispers (26 damage)
             ... with a bolt of lightning
             ... in the Desolation of Salt.
             The game lasted 02:32:35 (39715 turns).

Mahakala the Warrior (Minotaur Berserker)          Turns: 39715, Time: 02:32:36

Health: -22/177    AC: 39    Str: 27    XL:     18   Next: 86%
Magic:  1/17       EV: 10    Int:  6    God:    Trog [******]
Gold:   1004       SH: 15    Dex: 11    Spells: 17/17 levels left

rFire   + . .        X - +8 broad axe (heavy)
rCold   + . .        L - +2 kite shield {AC+3}
rNeg    . . .        y - +9 scales of the Dragon King {rPois rF+ rC+ Will+}
rPois   +            G - +2 hat
rElec   .            F - +0 cloak {rCorr}
rCorr   +            E - +0 pair of gloves {infuse}
SInv    .            (no boots)
Will    ++++.        (no amulet) Stlth
                     l - ring of willpower
HPRegen 0.49/turn    C - ring of willpower
MPRegen 0.15/turn

%: infuse magic (1 MP)
@: on berserk cooldown, slowed, studying 2 skills, very slow
A: horns 2, retaliatory headbutt
}: 2/15 runes: barnacled, gossamer
a: Renounce Religion, Berserk, Trog's Hand, Brothers in Arms


You were in the Desolation of Salt.
You worshipped Trog.
Trog was exalted by your worship.
You visited 6 branches of the dungeon, and saw 31 of its levels.
You also visited: Bailey, Gauntlet, Ice Cave and Desolation.

You collected 3671 gold pieces.
You spent 2667 gold pieces at shops.

Inventory:

Hand Weapons
 X - a +8 heavy broad axe (weapon)
Missiles
 a - 11 javelins
 s - 39 boomerangs (quivered)
 w - 7 silver javelins
 J - 5 atropa-tipped darts {!f}
 K - a throwing net {!f}
Armour
 y - the +9 scales of the Dragon King (worn) {rPois rF+ rC+ Will+}
   (You took it off a minotaur in a Gauntlet)

   rF:        It protects you from fire.
   rC:        It protects you from cold.
   rPois:     It protects you from poison.
   Will:      It increases your willpower.
 E - a +0 pair of gloves of infusion (worn)
 F - a +0 cloak of preservation (worn)
 G - a +2 hat (worn)
 L - a +2 kite shield of protection (worn)
Jewellery
 l - a ring of willpower (left hand)
 o - a ring of flight
 z - a ring of see invisible
 C - a ring of willpower (right hand)
Wands
 c - a wand of mindburst (13)
 d - a wand of roots (23)
 t - a wand of flame (54)
 u - a wand of paralysis (22)
 v - a wand of digging (4)
 x - a wand of light (24)
 Z - a wand of polymorph (7)
Scrolls
 f - 3 scrolls of poison
 g - 3 scrolls of silence
 h - 5 scrolls of immolation
 j - 15 scrolls of teleportation {@r4}
 n - 6 scrolls of fog
 p - 5 scrolls of blinking {@r3}
 A - a scroll of enchant armour
 B - 9 scrolls of fear
 N - 3 scrolls of magic mapping
 Q - 6 scrolls of vulnerability
 S - 2 scrolls of summoning
Potions
 b - 6 potions of haste {@q3}
 k - 2 potions of berserk rage
 m - 9 potions of ambrosia
 q - 5 potions of heal wounds {@q2}
 r - 7 potions of invisibility
 D - 6 potions of resistance
 I - 6 potions of attraction
 U - 12 potions of curing {@q1}
 V - 9 potions of might
 W - a potion of cancellation
Miscellaneous
 i - a lightning rod (4/4)
 H - a box of beasts
 O - a condenser vane
 T - a phial of floods


   Skills:
 + Level 19.6 Fighting
 - Level 18.0 Axes
 - Level 5.0 Throwing
 + Level 17.4 Armour
 - Level 15.0 Dodging
 + Level 16.3 Shields
 - Level 16.0 Evocations


You had 17 spell levels left.
You didn't know any spells.
Your spell library contained the following spells:

 Spells                   Type           Power      Damage    Failure   Level
 Beastly Appendage        Tmut           0%         N/A       100%        1
 Wereblood                Tmut           0%         N/A       100%        2
 Spider Form              Tmut/Pois      0%         N/A       100%        3


Dungeon Overview and Level Annotations

Branches:
Dungeon (15/15)            Temple (0/1) D:4            Lair (5/5) D:9
 Shoals (4/4) Lair:2       Spider (4/4) Lair:3        Slime (0/5) Lair:5
    Orc (2/2) D:10            Elf (0/3) Orc:2        Vaults (1/5) D:13
 Depths (0/4) D:15         Bailey (visited)           IceCv (visited)
Desolation (1/1)          Gauntlet (visited)

Altars:
Ashenzari
Dithmenos
Elyvilon
Gozag
Hepliaklqana
Nemelex Xobeh
Qazlal
Ru
Trog
Uskayaw
Vehumet
Wu Jian
Xom
Zin
The Shining One
Jiyva

Shops:
D:6 ?(   D:8 *   Orc:2 ?!**!   Shoals:1 (   Shoals:2 (**[:

Annotations:
Lair:1 2 transporters
Lair:3 exclusion: 2 oklob plants
Lair:5 exclusion: obsidian statue
Spider:3 2 transporters, Arachne; Vubreenic's ghost, adept CeHu
Orc:1 1 runed translucent door, pdpol's ghost, journeyman MiFi


Innate Abilities, Weirdness & Mutations

You have a pair of horns on your head.
You reflexively headbutt those who attack you in melee.


Message History

The ironbound convoker casts a spell at the ragged hierophant.
The ragged hierophant seems to grow stronger.
You block the saltling's attack. The saltling barely misses you.
An imperial myrmidon comes into view.
It is wielding a +2 scimitar of distortion.
You slice the ironbound convoker!!
You kill the ironbound convoker!
Trog accepts your kill.
Trog appreciates your killing of a magic user.
You hit the saltling. You closely miss the ragged hierophant.
You chop the saltling into pieces!!!
You destroy the saltling!
Trog accepts your kill.
The ragged hierophant hits you with a +0 whip.
* * * LOW HITPOINT WARNING * * *
The ragged hierophant gestures at you while chanting.
A blast of power from the earth and the saltling strikes you!
You block the saltling's attack.
The ragged hierophant gestures at you while chanting.
A blast of power from the earth and the saltling strikes you!
* * * LOW HITPOINT WARNING * * *
A servant of whispers comes into view. It is wielding a +0 quarterstaff.
The ragged hierophant casts a spell.
The ragged hierophant begins to accept its allies' injuries.
The saltling hits you!
* * * LOW HITPOINT WARNING * * *
Press: ? - help, v - describe, . - travel, g - get item
Here: a saltling (heavily damaged, sheltered from injuries) Item here: the +8 morningstar of Defiance {antimagic, Str+4}.
The floor, spattered with blood.
Unknown command.
You feel much better.
The saltling hits you but does no damage.
You block the ragged hierophant's attack.
You block the servant of whispers's attack.
The saltling barely misses you.
The servant of whispers calls down the wrath of its god upon you.
The bolt of lightning hits you!!!
* * * LOW HITPOINT WARNING * * *
The bolt of lightning hits you!!
You die...

.. .............
..§§..§.....#....9
§.§§§§............
#§§..§............
##.§§§.§.§.........
##.aa§§§............ .
##§§a.§.............. ...
##..§@.§.§§...........
.a...##.)§9§§a§§......∩.∩...
......)...§§§a§§§a..........
........§§§§§.§.............
........§§§§..§...a.........
.#.......§§.§.§§§§§.........
............§§§§§§§..a......
...........♣§§§..§.......#..
................. .#.9.99...


You could see 2 ragged hierophants, 2 servants of whispers, an imperial myrmidon
(sheltered) and a saltling (sheltered).

Vanquished Creatures
  Frances (Spider:2)
  A kraken (Shoals:4)
  Agnes (D:14)
  A frost giant (Vaults:1)
  9 emperor scorpions
  Louise (Shoals:4)
  2 angels (Vaults:1)
  3 ghost moths
  Aizul (Shoals:3)
  2 ironbound preservers (Vaults:1)
  4 broodmothers
  2 stone giants
  2 dire elephants (Lair:5)
  A minotaur (Gauntlet)
  Azrael (D:14)
  2 spark wasps
  An ettin (D:13)
  2 blizzard demons (IceCv)
  Snorg (D:13)
  3 merfolk javelineers
  A fire dragon (D:13)
  5 merfolk impalers
  2 ragged hierophants (Desolation)
  4 yaktaur captains
  A great orb of eyes (Vaults:1)
  Josephine (D:10)
  2 hydras
  3 entropy weavers
  A caustic shrike simulacrum (IceCv)
  3 peacekeepers (Desolation)
  An ogre mage (D:15)
  2 servants of whispers (Desolation)
  A rakshasa (D:14)
  6 radroaches
  7 centaur warriors
  2 alligator snapping turtles (Shoals:4)
  5 merfolk aquamancers
  11 death yaks
  9 two-headed ogres
  A merfolk avatar (Shoals:4)
  2 dancing weapons (D:13)
  8 boulder beetles
  A jorogumo (Spider:3)
  2 satyrs
  3 tengu warriors
  A spectral dire elephant (Lair:5)
  A soul eater (Gauntlet)
  4 skysharks
  2 spectral death yaks (Lair:5)
  4 skeletal warriors (D:15)
  13 sea snakes
  10 pharaoh ants
  8 deep trolls (Vaults:1)
  14 orb spiders
  A bog body (IceCv)
  An obsidian statue (IceCv)
  2 ironbound convokers
  29 harpies
  3 deep elf pyromancers
  5 steelbarb worms
  3 wizards
  8 spriggan simulacra (IceCv)
  2 necromancers (Lair:5)
  11 manticores
  28 wolf spiders
  7 fauns
  6 orc knights
  An orc sorcerer (Orc:2)
  2 cyclopes
  5 moths of wrath
  3 black mambas
  Joseph (D:8)
  10 water nymphs
  4 merfolk sirens
  A vault sentinel (Vaults:1)
  14 elephants
  8 demonic crawlers
  2 gargoyles
  4 torpor snails
  A rime drake (Lair:3)
  11 cane toads
  A torpor snail (shapeshifter) (Vaults:1)
  2 freezing wraiths (IceCv)
  9 komodo dragons
  4 yaktaurs (Vaults:1)
  9 ice devils (IceCv)
  An anaconda simulacrum (IceCv)
  27 merfolk
  A troll (D:9)
  A wind drake (shapeshifter) (D:15)
  6 hornets
  2 polar bears
  24 saltlings (Desolation)
  7 wind drakes
  7 blink frogs
  Grinder (D:4)
  A wolf spider simulacrum (D:14)
  23 tarantellas
  9 snapping turtles
  25 culicivoras
  37 jumping spiders
  8 water elementals
  5 wraiths
  A centaur simulacrum (D:14)
  3 wyverns
  4 shadows
  3 fire elementals
  2 vampires
  2 basilisks
  56 yaks
  5 minotaur simulacra (IceCv)
  3 dire elephant simulacra
  15 vampire mosquitoes
  55 redbacks
  3 death yak simulacra (Lair:5)
  3 harpy simulacra (IceCv)
  3 spectral cane toads (Lair:5)
  5 wargs
  14 water moccasins
  Duvessa (D:4)
  A hydra simulacrum (IceCv)
  4 hell hounds (D:14)
  An elephant zombie (Lair:5)
  28 orc warriors
  2 sky beasts (D:7)
  4 black bears
  2 ice beasts
  3 ettin simulacra (IceCv)
  6 ogres
  10 wolves
  2 alligator simulacra (IceCv)
  An elephant skeleton (Lair:5)
  A phantom (D:4)
  18 centaurs
  A kobold brigand (D:7)
  10 deep troll simulacra (IceCv)
  8 bullfrogs
  A gnoll sergeant (D:10)
  A cane toad simulacrum (Lair:5)
  A scorpion (shapeshifter) (D:15)
  5 scorpions
  10 wights
  An elephant simulacrum (Lair:5)
  2 lindwurm simulacra (IceCv)
  Dowan (D:4)
  11 killer bees (D:10)
  4 electric eels
  17 orc priests
  2 hounds
  2 gnoll boudas
  2 jellies
  3 iguanas
  Terence (D:2)
  Natasha (thrice) (D:3)
  28 orc wizards
  14 gnolls
  4 adders
  6 shadow imps (Gauntlet)
  A white imp (Gauntlet)
  An ufetubus (D:6)
  2 worms
  3 dart slugs
  75 orcs
  10 ball pythons
  6 endoplasms
  3 giant cockroaches
  8 goblins
  5 hobgoblins
  3 jackals
  4 quokkas
  4 bats
  A frilled lizard (D:6)
  7 kobolds
  6 rats
  3 tentacles (Shoals:4)
1106 creatures vanquished.

Vanquished Creatures (collateral kills)
  3 hydras
  An alligator snapping turtle (Shoals:4)
  A sun moth (Spider:1)
  A cane toad (Lair:5)
  A wind drake (Shoals:4)
  A redback (Spider:1)
8 creatures vanquished.

Vanquished Creatures (others)
  A jumping spider (Spider:3)
  4 tentacles (Shoals:4)
5 creatures vanquished.

Grand Total: 1119 creatures vanquished

Notes
Turn   | Place    | Note
-------+----------+-------------------------------------------
     0 | D:1      | Mahakala the Minotaur Berserker began the quest for the
                  | Orb.
     0 | D:1      | Reached XP level 1. HP: 19/19 MP: 0/0
   197 | D:1      | Found a faded altar of an unknown god.
   448 | D:1      | Reached XP level 2. HP: 27/27 MP: 1/1
   966 | D:2      | Found a radiant altar of Vehumet.
   971 | D:2      | Identified a scroll of acquirement
  1054 | D:2      | Reached skill level 4 in Fighting
  1110 | D:2      | Noticed Terence
  1115 | D:2      | Killed Terence
  1116 | D:2      | Reached XP level 3. HP: 33/33 MP: 2/2
  1387 | D:2      | Reached skill level 5 in Axes
  2043 | D:3      | Noticed Natasha
  2049 | D:3      | Killed Natasha
  2049 | D:3      | Reached ** piety under Trog
  2050 | D:3      | Reached XP level 4. HP: 41/41 MP: 3/3
  2551 | D:3      | Noticed Natasha
  2558 | D:3      | Killed Natasha
  2760 | D:3      | Noticed Natasha
  2768 | D:3      | Killed Natasha
  2769 | D:3      | Reached skill level 5 in Fighting
  2769 | D:3      | Reached XP level 5. HP: 48/48 MP: 4/4
  2941 | D:4      | Noticed a phantom
  2967 | D:4      | Killed a phantom
  2968 | D:4      | Reached XP level 6. HP: 56/56 MP: 5/5
  3178 | D:4      | Noticed Grinder
  3186 | D:4      | Killed Grinder
  3187 | D:4      | Reached skill level 6 in Fighting
  3187 | D:4      | Reached XP level 7. HP: 61/63 MP: 6/6
  3442 | D:4      | Noticed Duvessa
  3450 | D:4      | Killed Duvessa
  3453 | D:4      | Noticed Dowan
  3460 | D:4      | Killed Dowan
  3499 | D:4      | Identified the +5 ring mail "Ynymey" {-Cast Rampage Regen+}
  3541 | D:4      | Found a staircase to the Ecumenical Temple.
  3844 | D:5      | Entered Level 5 of the Dungeon
  4037 | D:5      | Reached *** piety under Trog
  4082 | D:5      | Reached skill level 7 in Fighting
  4082 | D:5      | Reached XP level 8. HP: 61/73 MP: 7/7
  4336 | D:5      | Reached skill level 10 in Axes
  4646 | D:5      | Identified the +3 rapier "Urreot" {venom, rPois Str+3
                  | Dex+3}
  4747 | D:6      | Found a broken altar of Ashenzari.
  4810 | D:6      | Found Mikhlaovih's Magic Scroll Shop.
  4826 | D:6      | Bought a scroll of teleportation for 33 gold pieces
  4826 | D:6      | Bought a scroll of fear for 44 gold pieces
  4826 | D:6      | Bought a scroll of fog for 44 gold pieces
  4828 | D:6      | Identified the +1 chain mail "Vuziur" {*Corrode Int+3 Dex+9
                  | Stlth-}
  4841 | D:6      | Found an ornate altar of the Wu Jian Council.
  4945 | D:6      | Reached skill level 8 in Fighting
  4967 | D:6      | Found a sacrificial altar of Ru.
  4992 | D:6      | Found Oxkuthrasa's Antique Weapon Shop.
  5486 | D:6      | Found a bloodstained altar of Trog.
  5867 | D:7      | Reached skill level 9 in Fighting
  5868 | D:7      | Reached XP level 9. HP: 81/83 MP: 8/8
  5936 | D:7      | Found a shadowy altar of Dithmenos.
  6015 | D:7      | Found a flagged portal.
  6024 | Bailey   | Entered a bailey
  6081 | Bailey   | Noticed an orc knight
  6100 | Bailey   | Killed an orc knight
  6175 | Bailey   | Found a large runed translucent door.
  6175 | Bailey   | Found a large runed translucent door.
  6176 | Bailey   | Noticed a deep elf pyromancer
  6238 | Bailey   | Killed a deep elf pyromancer
  6252 | Bailey   | Identified the +5 plate armour "Zud Buzaxt" {Str+4}
  6253 | Bailey   | Identified the +5 plate armour of Lilacs {rCorr}
  6261 | Bailey   | Identified the +1 scale mail "Xunett" {Drain rC+ Int+3}
  6353 | D:7      | Identified the +3 sling of Hacking and Slashing {flame,
                  | rF+}
  6815 | D:7      | Reached skill level 5 in Armour
  6815 | D:7      | Reached skill level 1 in Shields
  6868 | D:7      | Found a radiant altar of Vehumet.
  7367 | D:8      | Reached **** piety under Trog
  7411 | D:8      | Reached XP level 10. HP: 82/90 MP: 9/9
  7851 | D:8      | Found a hide-covered altar of Uskayaw.
  7971 | D:8      | Found Manujyn's CLEARANCE SALE!.
  7977 | D:8      | Bought a +0 pair of gloves for 4 gold pieces
  7977 | D:8      | Bought a potion of resistance for 10 gold pieces
  8100 | D:8      | Found an opulent altar of Gozag.
  8100 | D:8      | Found a sparkling altar of Nemelex Xobeh.
  8123 | D:8      | Noticed Joseph
  8132 | D:8      | Killed Joseph
  8244 | D:8      | Reached skill level 15 in Axes
  8678 | D:9      | Found a staircase to the Lair.
  8777 | D:9      | Found a shimmering altar of Xom.
  8787 | D:9      | Reached ***** piety under Trog
  8968 | D:9      | Found a stormy altar of Qazlal.
  9484 | Lair:1   | Entered Level 1 of the Lair of Beasts
  9506 | Lair:1   | Reached XP level 11. HP: 97/97 MP: 10/10
  9616 | Lair:1   | You fall into a shaft and drop 1 floor!
  9719 | Lair:1   | Found a transporter.
  9758 | Lair:1   | Reached skill level 1 in Evocations
  9872 | Lair:1   | Found a transporter.
 10507 | Lair:2   | Noticed a six-headed hydra
 10527 | Lair:1   | Acquired the +0 pair of boots "Gaucosor" {rPois Str-5
                  | Dex+7}
 10661 | Lair:2   | Reached skill level 5 in Evocations
 10697 | Lair:2   | Killed a ten-headed hydra
 10698 | Lair:2   | Reached skill level 5 in Dodging
 11374 | Lair:2   | Found a staircase to the Shoals.
 11705 | Lair:3   | Noticed a death yak
 11708 | Lair:3   | Noticed a death yak
 11708 | Lair:3   | Noticed a death yak
 11708 | Lair:3   | Noticed a death yak
 11746 | Lair:2   | Killed a death yak
 11747 | Lair:2   | Reached XP level 12. HP: 103/105 MP: 11/11
 11782 | Lair:3   | Noticed a five-headed hydra
 11789 | Lair:3   | Killed an eight-headed hydra
 12748 | Lair:3   | Noticed a seven-headed hydra
 13009 | Lair:3   | Killed a ten-headed hydra
 13010 | Lair:3   | Reached skill level 10 in Evocations
 13013 | Lair:3   | Found a hole to the Spider Nest.
 13128 | Lair:3   | Noticed a death yak
 13221 | Lair:3   | Killed a death yak
 13227 | Lair:3   | Killed a death yak
 13228 | Lair:3   | Killed a death yak
 13230 | Lair:3   | Killed a death yak
 13230 | Lair:3   | Received a gift from Trog
 14058 | Lair:4   | Reached XP level 13. HP: 111/111 MP: 12/12
 14265 | Lair:4   | Identified the +1 whip of Prudence {antimagic, rElec}
 14482 | Lair:5   | Entered Level 5 of the Lair of Beasts
 14846 | Lair:5   | Found a staircase to the Slime Pits.
 14849 | Lair:5   | Found a viscous altar of Jiyva.
 14979 | Lair:5   | Reached skill level 10 in Fighting
 15265 | Lair:5   | Reached skill level 11 in Fighting
 15965 | Lair:5   | Noticed a dire elephant
 15965 | Lair:5   | Noticed a dire elephant
 15965 | Lair:5   | Noticed a dire elephant
 15977 | Lair:5   | Killed a dire elephant
 16164 | Lair:5   | Reached skill level 12 in Fighting
 16170 | Lair:5   | Noticed a dire elephant
 16184 | Lair:5   | Killed a dire elephant
 16445 | Lair:5   | Reached skill level 13 in Fighting
 16660 | Lair:5   | Reached skill level 10 in Armour
 17022 | D:10     | Entered Level 10 of the Dungeon
 17028 | D:10     | Reached XP level 14. HP: 122/129 MP: 13/13
 17049 | D:10     | Noticed Josephine
 17059 | D:10     | Killed Josephine
 17250 | D:10     | Found a staircase to the Orcish Mines.
 17289 | D:10     | Identified the +2 robe of the Teacher {rC++ Str+4 Dex+2}
 18643 | D:12     | Reached skill level 1 in Throwing
 18712 | D:12     | Received a gift from Trog
 18769 | D:12     | Found a radiant altar of Vehumet.
 19209 | D:13     | Noticed Snorg
 19220 | D:13     | Killed Snorg
 19376 | D:13     | Found a gate leading to a gauntlet.
 19387 | Gauntlet | Entered a Gauntlet
 19387 | Gauntlet | Found a transporter.
 19387 | Gauntlet | Found a transporter.
 19387 | Gauntlet | Found a transporter.
 19388 | Gauntlet | Found a transporter.
 19389 | Gauntlet | Found a transporter.
 19392 | Gauntlet | Found a transporter.
 19398 | Gauntlet | Found a transporter.
 19400 | Gauntlet | Found a transporter.
 19401 | Gauntlet | Found a transporter.
 19403 | Gauntlet | Found a transporter.
 19414 | Gauntlet | Found a transporter.
 19548 | Gauntlet | Found a transporter.
 19681 | Gauntlet | Reached skill level 5 in Throwing
 19718 | Gauntlet | Identified the +2 chain mail of the Knaves {Str+5}
 19801 | Gauntlet | Identified the +3 war axe of Roanoomu {vamp, Contam rPois
                  | Int+2 Stlth+}
 19854 | D:13     | Acquired a manual of Shields
 19897 | D:13     | Found a gate to the Vaults.
 19922 | D:13     | Noticed a stone giant
 19939 | D:13     | Reached skill level 5 in Shields
 21092 | D:14     | Noticed Agnes
 21106 | D:14     | Killed Agnes
 21107 | D:14     | Noticed Azrael
 21240 | D:14     | Killed Azrael
 21521 | D:14     | Found a hazy altar of Hepliaklqana.
 21844 | D:14     | Reached skill level 10 in Shields
 22123 | D:14     | Reached XP level 15. HP: 137/137 MP: 14/14
 22270 | D:15     | Entered Level 15 of the Dungeon
 22592 | D:15     | Reached skill level 14 in Fighting
 23243 | D:15     | Found a staircase to the Depths.
 23590 | Orc:1    | Entered Level 1 of the Orcish Mines
 23683 | Orc:1    | Found a runed translucent door.
 23723 | Orc:1    | Noticed pdpol's ghost (journeyman MiFi)
 23824 | Orc:2    | Entered Level 2 of the Orcish Mines
 24121 | Orc:2    | Found a staircase to the Elven Halls.
 24701 | Orc:2    | Found Guet Luh's Magic Scroll Emporium.
 24880 | Orc:2    | Found Tuelesum's Distillery.
 24893 | Orc:2    | Received a gift from Trog
 24935 | Orc:2    | Found Wixor's General Store.
 24935 | Orc:2    | Found Mohigec's Armour Emporium.
 24937 | Orc:2    | Found Bodgh's Assorted Antiques.
 24939 | Orc:2    | Found Wedoudis's Distillery.
 24943 | Orc:2    | Bought a scroll of fear for 56 gold pieces
 24943 | Orc:2    | Bought a scroll of enchant weapon for 105 gold pieces
 24951 | Orc:2    | Bought a potion of heal wounds for 60 gold pieces
 24951 | Orc:2    | Bought a potion of haste for 120 gold pieces
 24951 | Orc:2    | Bought a potion of haste for 120 gold pieces
 25278 | Spider:1 | Entered Level 1 of the Spider Nest
 25421 | Spider:1 | Reached skill level 15 in Shields
 25605 | Spider:1 | Reached skill level 15 in Fighting
 26351 | Spider:1 | Reached skill level 16 in Fighting
 26875 | Spider:1 | Reached ****** piety under Trog
 26954 | Spider:1 | Identified the +7 rapier of Laogir {drain, Str+2 Int+4
                  | Dex+2}
 27320 | Spider:1 | Reached XP level 16. HP: 150/151 MP: 15/15
 27351 | Spider:2 | Received a gift from Trog
 28416 | Spider:2 | Noticed Frances
 28427 | Spider:2 | Killed Frances
 29319 | Spider:3 | Received a gift from Trog
 29339 | Spider:3 | Reached skill level 15 in Evocations
 29814 | Spider:3 | Found a transporter.
 30101 | Spider:3 | Found a transporter.
 30107 | Spider:3 | Noticed Arachne
 30108 | Spider:3 | Noticed Vubreenic's ghost (adept CeHu)
 30344 | Spider:4 | Entered Level 4 of the Spider Nest
 30724 | Spider:4 | Received a gift from Trog
 30834 | Spider:4 | Reached XP level 17. HP: 159/159 MP: 16/16
 31341 | Spider:4 | Reached skill level 17 in Fighting
 31943 | Spider:4 | Got a gossamer rune of Zot
 32198 | Shoals:1 | Entered Level 1 of the Shoals
 32469 | Shoals:1 | Reached skill level 15 in Armour
 32572 | Shoals:1 | Found Duud's Antique Weapon Boutique.
 32893 | Shoals:1 | Identified the +4 chain mail of Carved Brilliance {rCorr}
 33193 | Shoals:2 | Found Xisoz's General Store.
 33209 | Shoals:2 | Bought a scroll of enchant weapon for 120 gold pieces
 33209 | Shoals:2 | Bought a scroll of summoning for 152 gold pieces
 33223 | Shoals:2 | Reached skill level 18 in Fighting
 33288 | Shoals:2 | Found Annical's Book Shoppe.
 33297 | Shoals:2 | Bought a manual of Dodging for 1040 gold pieces
 33299 | Shoals:2 | Found Sesuckam's Armour Boutique.
 33323 | Shoals:2 | Received a gift from Trog
 33768 | Shoals:2 | Reached skill level 10 in Dodging
 34182 | Shoals:2 | Found Epsiel's Assorted Antiques.
 34194 | Shoals:2 | Bought a wand of roots (4) for 278 gold pieces
 34194 | Shoals:2 | Bought a potion of might for 116 gold pieces
 34194 | Shoals:2 | Bought a wand of light (3) for 365 gold pieces
 34353 | Shoals:2 | Found Xablugh's Weapon Boutique.
 34549 | Shoals:3 | Noticed Aizul
 34562 | Shoals:3 | Killed Aizul
 34580 | Shoals:3 | Found a frozen archway.
 34590 | IceCv    | Entered an ice cave
 35158 | IceCv    | Received a gift from Trog
 35473 | IceCv    | Reached XP level 18. HP: 149/173 MP: 17/17
 36762 | Shoals:4 | Entered Level 4 of the Shoals
 37134 | Shoals:4 | Noticed Louise
 37146 | Shoals:4 | Killed Louise
 37358 | Shoals:4 | Received a gift from Trog
 37404 | Shoals:4 | Identified the +3 falchion of the Several Princes {distort,
                  | rF+ rN+}
 37561 | Shoals:4 | Identified the +8 war axe "Xarr" {freeze, Will+ Dex+2}
 38254 | Shoals:4 | Reached skill level 19 in Fighting
 38561 | Shoals:4 | Got a barnacled rune of Zot
 39173 | Vaults:1 | Entered Level 1 of the Vaults
 39224 | Vaults:1 | Reached skill level 15 in Dodging
 39484 | Vaults:1 | Found a crumbling gateway.
 39513 | Vaults:1 | Found a glowing silver altar of Zin.
 39513 | Vaults:1 | Found a glowing golden altar of the Shining One.
 39513 | Vaults:1 | Found a white marble altar of Elyvilon.
 39541 | Desolati | Entered the Desolation of Salt
 39702 | Desolati | Identified the +8 morningstar of Defiance {antimagic,
                  | Str+4} (Trog gifted it to you in the Desolation of Salt)
 39702 | Desolati | Received a gift from Trog
 39715 | Desolati | HP: 4/177 [servant of whispers/bolt of lightning (37)]
 39715 | Desolati | Killed from afar by a servant of whispers

Illustrated notes

Levels and vault maps discovered:
D:1:      tarquinn_simple_flora_water_d, layout_basic,
          shapermc_ecumenical_altar_venn
D:2:      wander_river, layout_basic, serial_forest,
          infiniplex_forest_clump_cross, infiniplex_forest_straight_5,
          infiniplex_forest_clump_medium, infiniplex_forest_lined_ring,
          infiniplex_forest_pool, basic_altar, amcnicky_mini_corridor_feature,
          uniq_terence
D:3:      layout_basic, uniq_natasha
D:4:      layout_loops_ring, minmay_temple_entry_enclosed_plants,
          minmay_mini_jars, uniq_grinder, uniq_duvessa
D:5:      layout_loops_ring, nicolae_hexahallways, kennysheep_generic_room_13
D:6:      layout_gridville, nicolae_wu_jian_wuxing_cycle,
          mainiacjoe_overflow_alcove_2, nicolae_ru_great_annihilating_truth,
          nicolae_ashenzari_panopticon, serial_shops,
          nicolae_inconvenience_store, nicolae_shop_window_shopping,
          minmay_holes
D:7:      layout_basic, nicolae_dithmenos_the_darkroom,
          overflow_temple_1_default, enter_bailey_8
D:8:      layout_loops_ring, grunt_temple_overflow_opulence,
          mainiacjoe_overflow_alcove_1, minivault_5, chequers_jeans,
          nicolae_shop_clearance, uniq_joseph
D:9:      layout_rooms, overflow_temple_1_default, mainiacjoe_overflow_paths,
          erik_lair_orcish_takeover
D:10:     layout_basic, erik_orc_3, uniq_josephine
D:11:     layout_cave_pools, serial_co_window_serial, co_window_paths_b,
          co_window_paths_a, co_window_paths_b, co_window_of_opportunity_a,
          co_window_of_opportunity_a, co_window_cross_1,
          co_window_of_opportunity_a, co_window_unsneaky_path_d,
          co_window_broadway_b, co_window_cross_3
D:12:     layout_roguey, vehumet_crystals
D:13:     layout_roguey, erik_vaults_1, gauntlet_entry_generic, minmay_radiant,
          uniq_snorg
D:14:     layout_cave_pods, lemuel_round_altar, minmay_misc_feat_cross,
          uniq_azrael, uniq_agnes
D:15:     grunt_enter_depths_snipers, layout_loops_cross,
          chequers_serial_rivers_micro_a
Lair:1:   gammafunk_worm_tunnel, layout_small_grid
Lair:2:   layout_gridlike, minmay_shoals_entry_lonely_mermaid
Lair:3:   beargit_carnivore_pack, layout_cave_pods,
          nicolae_spider_entry_lesser_pyramids
Lair:4:   layout_roguey, infiniplex_staircase_pool
Lair:5:   due_jungle_book, layout_layer_cave, nicolae_slime_entry_slimehenge,
          serial_bayou_lake_a, serial_bayou_shore_b, grunt_megastairs_5
Shoals:1: layout_shoals, serial_shops, shop
Shoals:2: layout_shoals, serial_shops, nicolae_stop_n_shop_2, shop, shop, shop,
          shop_statue
Shoals:3: nicolae_shoals_aurelia_aurita, layout_shoals,
          portal_ice_cave_entry_pillars_three, uniq_aizul
Shoals:4: shoals_end_hangedman, layout_shoals, uniq_louise
Spider:1: nicolae_spider_hilbert_zone_2 [nicolae_spider_hilbert_4_sides_1_open,
          nicolae_spider_hilbert_4_sides_1_open,
          nicolae_spider_hilbert_4_sides_1_open,
          nicolae_spider_hilbert_4_sides_1_open,
          nicolae_spider_hilbert_6_sides_1_open,
          nicolae_spider_hilbert_6_sides_1_open,
          nicolae_spider_hilbert_3_sides_1_open,
          nicolae_spider_hilbert_3_sides_1_open,
          nicolae_spider_hilbert_3_sides_1_open,
          nicolae_spider_hilbert_3_sides_1_open,
          nicolae_spider_hilbert_6_sides_1_open,
          nicolae_spider_hilbert_6_sides_1_open,
          nicolae_spider_hilbert_6_sides_1_open,
          nicolae_spider_hilbert_6_sides_1_open],
          nicolae_spider_nooks_and_crannies
Spider:2: layout_spider_delve, drop_trap, nicolae_spider_claw_tunnel,
          uniq_frances
Spider:3: layout_spider_delve, nzn_ghost_randoct
Spider:4: spider_rune_water, hellmonk_test_site, uniq_arachne
Orc:1:    layout_diamond_mine, gammafunk_ghost_grave
Orc:2:    st_orc_rangers, layout_diamond_mine, serial_shops,
          nicolae_shop_tiny_glass, nicolae_shop_rolling_square
Vaults:1: portal_desolation_entry_holy_temple, ontoclasm_vaults_misaligned,
          v_misc_31, nicolae_vaults_closet_pinwheel_4,
          hangedman_vaults_river_flow, ontoclasm_vaults_loading_screen,
          nicolae_vaults_wrenched, vaults_room_fours,
          nicolae_vaults_fighting_squares, vaults_room_large_hall,
          nicolae_vaults_wine_cellar, layout_vaults_big_cross, enter_trove_1
Desolation

Skill      XL: |  1  2  3  4  5  6  7  8  9 10 11 12 13 14 15 16 17 18 |
---------------+-------------------------------------------------------+-----
Axes           | 4 5 6 7 8 9 11 14 16 18 | 18.0
Fighting       | 4 5 6 7 9 13 16 18 19 | 19.6
Armour         | 4 5 8 9 10 13 16 17 | 17.4
Shields        | 2 4 10 15 16 | 16.3
Evocations     | 7 11 12 16 | 16.0
Dodging        | 6 7 8 12 15 | 15.0
Throwing       | 5 |  5.0

Action                     |  1- 3 |  4- 6 |  7- 9 | 10-12 | 13-15 | 16-18 || total
---------------------------+-------+-------+-------+-------+-------+-------++-------
  Melee: Hand axe          |    64 |    59 |   191 |       |       |       ||   314
         Headbutt          |     9 |     9 |    34 |   122 |   182 |   270 ||   626
         Punch             |       |       |     3 |       |       |       ||     3
         War axe           |       |       |    56 |   456 |       |       ||   512
         Broad axe         |       |       |       |    63 |   778 |  1004 ||  1845
  Throw: Boomerang         |       |       |     2 |     3 |    17 |    49 ||    71
         Dart              |       |       |       |       |    13 |     3 ||    16
         Javelin           |       |       |       |       |     8 |     9 ||    17
 Invoke: Berserk           |     2 |     4 |     3 |     7 |     7 |    12 ||    35
         Trog's Hand       |       |     2 |     1 |       |     1 |       ||     4
         Brothers in Arms  |       |       |       |     1 |     4 |     1 ||     6
  Evoke: Wand              |       |       |       |     7 |     4 |     4 ||    15
         Phial of floods   |       |       |       |       |       |     1 ||     1
    Use: Scroll            |     5 |     2 |     8 |     6 |    13 |     5 ||    39
         Potion            |       |       |       |     2 |     2 |     5 ||     9
   Stab: Paralysed         |       |       |     1 |       |       |       ||     1
 Armour: Scale mail        |    23 |    14 |     7 |       |       |       ||    44
         Ring mail         |       |       |    57 |       |       |       ||    57
         Plate armour      |       |       |    31 |   242 |   170 |       ||   443
         Gold dragon scale |       |       |       |       |   321 |   870 ||  1191
  Dodge: Dodged            |    33 |    14 |   100 |   156 |   217 |   346 ||   866
  Block: Buckler           |       |       |     2 |    89 |    63 |       ||   154
         Kite shield       |       |       |       |       |   396 |  1013 ||  1409
         Tower shield      |       |       |       |       |       |    29 ||    29
